Map: Deathaura LE

Players

Zoun - Winner!

  • Race: Protoss Protoss
  • League: Diamond
  • Spawn Location: 5:00

goblin

  • Race: Protoss Protoss
  • League: Master
  • Spawn Location: 11:00

Event: Cheeseadelphia Winter Championship 2021

VOD

Have the link to the VOD?

Description

Time

  • Played on: Jan. 23, 2021, 11:17 a.m.
  • Length: 9:37

All games in this series

Show
View Real Time Build Order
Export as new Build Order

Zoun Protoss - Winner!

Build Orders: Blink Stalkers, Zealot Archon 

Get SALT Encoding   

  12  0:00  Probe  
  13  0:12  Probe  
  14  0:17  Pylon  
  14  0:24  Probe (Chrono Boost)  
  16  0:37  Probe (Chrono Boost)  
  16  0:38  Gateway  
  16  0:42  Probe (Chrono Boost)  
  16  0:47  Assimilator  
  17  0:51  Probe  
  17  0:55  Assimilator  
  18  1:03  Probe (Chrono Boost)  
  19  1:11  Gateway  
  19  1:13  Probe (Chrono Boost)  
  19  1:18  Probe (Chrono Boost)  
  21  1:25  Cybernetics Core  
  21  1:30  Probe  
  22  1:35  Pylon  
  22  1:42  Probe  
  24  1:54  Probe  
  24  1:59  Warp Gate (Chrono Boost)  
  24  2:02  Adept x2  
  24  2:06  Probe  
  30  2:30  Probe  
  30  2:37  Nexus  
  30  2:39  Pylon  
  30  2:42  Probe  
  31  2:51  Shield Battery  
  31  2:57  Stalker, Probe  
  34  3:05  Stalker  
  34  3:09  Probe  
  37  3:18  Twilight Council  
  37  3:21  Probe  
  38  3:33  Probe  
  37  3:34  Shield Battery  
  37  3:40  Sentry  
  40  3:49  Blink (Chrono Boost)  
  40  3:50  Sentry, Probe (Chrono Boost)  
  40  3:51  Probe (Chrono Boost)  
  43  4:02  Probe (Chrono Boost)  
  45  4:04  Probe (Chrono Boost)  
  45  4:07  Probe (Chrono Boost)  
  45  4:08  Stalker  
  48  4:12  Probe  
  49  4:17  Probe  
  49  4:21  Robotics Facility  
  50  4:24  Probe  
  50  4:25  Pylon  
  50  4:29  Probe  
  50  4:30  Phoenix  
  52  4:37  Probe  
  53  4:41  Probe  
  53  4:43  Stalker  
  54  4:47  Nexus  
  54  4:52  Pylon  
  54  4:53  Probe x2  
  54  4:55  Assimilator  
  56  5:00  Pylon  
  56  5:04  Forge  
  56  5:06  Probe x2  
  58  5:09  Observer  
  58  5:12  Stalker  
  61  5:18  Probe  
  61  5:19  Pylon, Probe  
  63  5:26  Sentry, Charge (Chrono Boost)  
  65  5:30  Shield Battery, Probe  
  65  5:31  Probe  
  65  5:32  Protoss Ground Weapons Level 1 (Chrono Boost), Pylon  
  67  5:43  Immortal, Probe  
  72  5:50  Probe  
  72  5:55  Probe  
  72  5:56  Pylon  
  74  6:00  Gateway  
  74  6:01  Probe  
  74  6:02  Probe  
  74  6:03  Gateway  
  76  6:04  Observer  
  76  6:06  Gateway  
  76  6:10  Probe  
  77  6:13  Probe  
  77  6:16  Templar Archives  
  77  6:17  Gateway  
  78  6:24  Immortal  
  82  6:28  Probe  
  83  6:34  Gateway, Observer  
  83  6:36  Gateway  
  83  6:41  Gateway  
  83  6:43  Gateway, Shield Battery  
  83  6:50  Pylon  
  83  6:53  High Templar x2  
  83  6:54  Shield Battery x2, Observer  
  87  6:58  Archon  
  87  7:01  Zealot x3  
  93  7:13  Probe x3  
  96  7:22  Zealot  
  98  7:23  Stalker x2  
  98  7:24  Zealot  
  98  7:27  Zealot x2  
  108  7:31  Immortal  
  108  7:41  Stalker x2  
  108  7:42  Stalker x2  
  106  7:46  Zealot x3  
  106  7:47  Zealot  
  106  7:49  Zealot x2  
  90  8:05  Stalker x2  
  90  8:06  Stalker x2  
  90  8:07  Warp Prism (Chrono Boost)  
  90  8:10  Zealot x5  
  102  8:17  Probe  
  101  8:27  Probe x2  
  101  8:28  Assimilator, Nexus  
  101  8:30  Pylon  
  101  8:31  Assimilator  
  103  8:34  Probe  
  103  8:36  Observer (Chrono Boost)  
  103  8:39  Probe x2  
  105  8:49  Stalker, Pylon  
  105  8:50  Stalker, Zealot x3  
  111  9:01  Zealot x5  
  117  9:09  Probe  
  117  9:10  Probe x2  
  117  9:11  Shield Battery  
  122  9:20  Zealot  
  122  9:21  Zealot  
Show
View Real Time Build Order
Export as new Build Order

goblin Protoss 

Build Orders: Oracle Opening, Proxy Void Ray 

Get SALT Encoding   

  12  0:00  Probe  
  13  0:12  Probe  
  14  0:17  Pylon  
  14  0:24  Probe (Chrono Boost)  
  16  0:36  Probe (Chrono Boost)  
  16  0:37  Gateway  
  16  0:43  Probe (Chrono Boost)  
  16  0:45  Assimilator  
  17  0:51  Probe  
  17  0:53  Assimilator  
  18  1:03  Probe (Chrono Boost)  
  19  1:12  Probe (Chrono Boost)  
  19  1:17  Probe (Chrono Boost)  
  20  1:25  Cybernetics Core  
  21  1:29  Probe  
  22  1:33  Pylon  
  22  1:41  Probe  
  23  1:50  Nexus  
  23  1:57  Pylon  
  23  2:06  Stargate  
  23  2:15  Probe  
  24  2:16  Stalker  
  24  2:21  Warp Gate  
  26  2:27  Probe  
  27  2:32  Shield Battery  
  27  2:46  Pylon  
  27  2:47  Stalker  
  27  2:50  Oracle (Chrono Boost)  
  31  3:02  Probe  
  32  3:06  Probe  
  32  3:08  Shield Battery  
  33  3:14  Probe  
  33  3:15  Void Ray  
  38  3:31  Probe x2 (Chrono Boost)  
  40  3:41  Probe x2 (Chrono Boost)  
  42  3:45  Probe x2 (Chrono Boost)  
  44  3:55  Void Ray  
  44  3:57  Probe (Chrono Boost)  
  44  3:58  Probe (Chrono Boost)  
  44  4:00  Pylon  
  50  4:09  Probe (Chrono Boost)  
  52  4:15  Probe (Chrono Boost)  
  52  4:16  Probe (Chrono Boost)  
  53  4:21  Assimilator, Probe  
  53  4:23  Assimilator  
  53  4:24  Shield Battery, Probe  
  54  4:25  Robotics Facility  
  54  4:31  Stalker  
  57  4:33  Probe  
  57  4:36  Probe  
  59  4:45  Probe  
  59  4:48  Probe  
  59  4:51  Twilight Council  
  61  4:53  Pylon  
  61  4:54  Pylon  
  61  4:58  Probe  
  62  5:10  Gateway, Immortal (Chrono Boost)  
  62  5:11  Gateway  
  62  5:12  Gateway  
  62  5:13  Void Ray  
  66  5:15  Sentry  
  72  5:25  Blink (Chrono Boost)  
  72  5:36  Gateway  
  72  5:37  Gateway  
  72  5:40  Pylon  
  72  5:43  Warp Prism (Chrono Boost)  
  74  5:50  Void Ray  
  74  5:56  Gateway  
  78  6:07  Pylon  
  78  6:09  Immortal (Chrono Boost)  
  78  6:12  Sentry  
  78  6:18  Stalker  
  86  6:22  Pylon  
  86  6:32  Stalker x3  
  92  6:39  Stalker  
  94  6:44  Pylon x2  
  94  7:06  Stalker x2  
  94  7:07  Stalker x4  
  103  7:12  Stalker  
  105  7:30  Stalker x2  
  109  7:37  Warp Prism (Chrono Boost)  
  107  7:47  Stalker x5  
  73  8:11  Stalker x6  
  77  8:28  Stalker  
  79  8:34  Stalker x4  
  77  9:07  Stalker x6  
  77  9:08  Stalker  
Tags
 
Add a new tag
Caveats
  • Supply blocks, unpowered buildings, or Contaminate may cause inaccurate times.
  • Supply counts are checked every 10 seconds.